 Dungeon Crawl Stone Soup version 0.30.1-4-g462c640d31 (webtiles) character file.

Game seed: 13065346373369265034

32 kingsuperguy the Grasshopper (level 3, -6/18 HPs)
             Began as a Spriggan Warper on Aug 29, 2023.
             Mangled by a worm (10 damage)
             ... on level 2 of the Dungeon.
             The game lasted 00:03:25 (925 turns).

kingsuperguy the Grasshopper (Spriggan Warper)       Turns: 925, Time: 00:03:25

Health: -6/18      AC:  2    Str:  9    XL:     3   Next: 10%
Magic:  8/8        EV: 18    Int: 14    God:
Gold:   29         SH:  0    Dex: 14    Spells: 6/8 levels left

rFire   . . .        a - +0 short sword
rCold   . . .        (no shield)
rNeg    . . .        b - +0 robe
rPois   .            (helmet restricted)
rElec   .            (no cloak)
rCorr   .            (gloves unavailable)
SInv    +            (boots unavailable)
Will    .....        (no amulet)
Stlth   ++           (no ring)
HPRegen 0.23/turn    (no ring)
MPRegen 0.11/turn

%: no passive effects
@: very quick
A: very small, no large weapons, unfitting armour, see invisible, speed 3
a: no special abilities


You were on level 2 of the Dungeon.
You visited 1 branch of the dungeon, and saw 2 of its levels.

You collected 29 gold pieces.

Inventory:

Hand Weapons
 a - a +0 short sword (weapon)
 i - a +3 mace
Missiles
 d - 7 boomerangs of dispersal (quivered)
 f - 6 boomerangs
 j - 2 throwing nets
Armour
 b - a +0 robe (worn)
 l - a +0 chain mail
Scrolls
 c - a scroll of blinking
 e - 4 scrolls of identify {unknown}
 g - a scroll of teleportation {unknown}
 k - a scroll of magic mapping {unknown}
 n - a scroll of vulnerability {unknown}
 o - a scroll of noise {unknown}
Potions
 h - a potion of brilliance {unknown}
 m - a potion of attraction {unknown}


   Skills:
 + Level 1.9 Fighting
 + Level 2.4 Short Blades
 + Level 1.1 Throwing
 + Level 3.6 Dodging
 + Level 0.7 Stealth
 + Level 3.0 Spellcasting
 + Level 4.8 Translocations


You had 6 spell levels left.
You knew the following spells:

 Your Spells              Type           Power      Damage    Failure   Level
a - Blink                 Tloc           30%        N/A       4%          2

Your spell library contained the following spells:

 Spells                   Type           Power      Damage    Failure   Level
 Lesser Beckoning         Tloc           30%        N/A       4%          2
 Teleport Other           Tloc           15%        N/A       9%          3
 Vhi's Electric Charge    Tloc/Air       18%        N/A       24%         3
 Manifold Assault         Tloc           15%        N/A       28%         4


Dungeon Overview and Level Annotations

Branches:
Dungeon (2/15)

Altars:


Innate Abilities, Weirdness & Mutations

You are very small and have problems with some larger weapons.
You are too small for most types of armour.
You have supernaturally acute eyesight. (SInv)
You cover ground extremely quickly. (Speed+++)


Message History

You see here a +0 leather armour.
You hit the worm.
The worm is lightly wounded.
The worm misses you.
You hit the worm.
The worm is moderately wounded.
You hit the worm.
The worm is heavily wounded.
The worm bites you.
You hit the worm.
The worm is severely wounded.
The worm closely misses you.
You hit the worm but do no damage.
The worm is heavily wounded.
You hit the worm but do no damage.
The worm is heavily wounded.
The worm bites you.
You hit the worm.
The worm is severely wounded.
You hit the worm but do no damage.
The worm is severely wounded.
The worm bites you!
Ouch! That really hurt!
* * * LOW HITPOINT WARNING * * *
You are too injured to fight recklessly!
You are too injured to fight recklessly!
You are too injured to fight recklessly!
You are too injured to fight recklessly!
You hit the worm but do no damage.
The worm is severely wounded.
You barely miss the worm.
The worm is severely wounded.
The worm barely misses you.
You barely miss the worm.
The worm is severely wounded.
You hit the worm.
The worm is severely wounded.
The worm bites you!
Ouch! That really hurt!
You die...

## ... # ..#
###.# ... ..#.#
#.##.##.#.##
...........####
.......w.$.....
#@# #.# #.# #?#
#.#
#######.#####
............#
#######.....#
#..)...<..#


You could see a worm.

Vanquished Creatures
  A dart slug (D:1)
  2 bats (D:1)
  2 endoplasms (D:1)
  4 goblins (D:1)
  4 hobgoblins (D:1)
  4 quokkas (D:1)
  2 ball pythons (D:1)
  3 frilled lizards (D:1)
  3 kobolds (D:1)
  3 rats (D:1)
28 creatures vanquished.

Notes
Turn   | Place    | Note
-------+----------+-------------------------------------------
     0 | D:1      | kingsuperguy the Spriggan Warper began the quest for the
                  | Orb.
     0 | D:1      | Reached XP level 1. HP: 10/10 MP: 5/5
   188 | D:1      | Reached XP level 2. HP: 10/15 MP: 7/7
   793 | D:1      | Reached XP level 3. HP: 15/18 MP: 8/8
   796 | D:1      | Learned a level 2 spell: Blink
   925 | D:2      | Mangled by a worm

Illustrated notes

Levels and vault maps discovered:
D:1:      dpeg_arrival_orchard, layout_basic, minmay_cut_off
D:2:      layout_basic, serial_shops, shop, roderic_st_hans_cross, st_stairs_12,
          uniq_crazy_yiuf_cottage

Skill      XL: |  1 |
---------------+----+-----
Spellcasting   | 3 |  3.0
Fighting       | |  1.9
Short Blades   | |  2.4
Throwing       | |  1.1
Dodging        | |  3.6
Stealth        | |  0.7
Translocations | |  4.8

Action                     || total
---------------------------++-------
  Melee: Short sword       ||   123
         Punch             ||     2
   Stab: Sleeping          ||     4
 Armour: Robe              ||     5
  Dodge: Dodged            ||    66
